 Dungeon Crawl Stone Soup version 0.29.1-1-gd02db6906a (webtiles) character file.

Game seed: 735267422466817089

3928 wingedge the Conjurer (level 9, -4/74 HPs)
             Began as a Demigod Fire Elementalist on Oct 4, 2022.
             Slain by an orc warrior
             ... wielding a +0 war axe
              (15 damage)
             ... in a bailey.
             The game lasted 01:01:38 (8587 turns).

wingedge the Conjurer (Demigod Fire Elementalist)   Turns: 8587, Time: 01:01:40

Health: -4/74      AC: 15    Str: 13    XL:     9   Next: 70%
Magic:  0/16       EV: 15    Int: 25    God:
Gold:   557        SH:  5    Dex: 14    Spells: 3/14 levels left

rFire   . . .      SeeInvis .   a - +5 long sword (flame)
rCold   + . .      Faith    .   (no shield)
rNeg    . . .      Spirit   .   p - +0 ring mail
rPois   .          Reflect  +   (no helmet)
rElec   .          Harm     .   j - +2 cloak
rCorr   .          Rampage  .   m - +2 pair of gloves
Will    .....                   D - +2 pair of boots
Stlth   +.........              z - amulet of reflection
HPRegen 0.22/turn               b - +4 ring of evasion
MPRegen 0.15/turn               l - ring of protection from cold

@: no status effects
A: high MP 1, forlorn, divine attributes
a: no special abilities


You were in a bailey.
You visited 2 branches of the dungeon, and saw 9 of its levels.
You also visited: Bailey.

You collected 845 gold pieces.
You spent 288 gold pieces at shops.

Inventory:

Hand Weapons
 a - a +5 long sword of flaming (weapon)
 h - a +3 flail of holy wrath
Missiles
 d - 9 boomerangs
 u - 3 javelins (quivered)
 w - 9 poisoned darts
Armour
 j - a +2 cloak (worn)
 m - a +2 pair of gloves (worn)
 p - a +0 ring mail (worn)
 D - a +2 pair of boots (worn)
Magical Staves
 r - a staff of air
Jewellery
 b - a +4 ring of evasion (left hand)
 l - a ring of protection from cold (right hand)
 y - a ring of fire
 z - an amulet of reflection (around neck)
Wands
 x - a wand of flame (16)
Scrolls
 c - 5 scrolls of teleportation
 f - a scroll of brand weapon
 n - a scroll of immolation {unknown}
 t - 2 scrolls of blinking
 A - a scroll of torment {unknown}
 C - 2 scrolls of vulnerability {unknown}
 E - a scroll of summoning
Potions
 e - 2 potions of curing
 g - 2 potions of heal wounds {unknown}
 i - 2 potions of berserk rage {unknown}
 k - a potion of lignification {unknown}
 o - 5 potions of cancellation
 q - a potion of haste {unknown}
 v - 2 potions of flight {unknown}
 B - 2 potions of might {unknown}


   Skills:
 - Level 5.0 Fighting
 - Level 4.0 Armour
 - Level 3.0 Dodging
 - Level 2.0 Stealth
 - Level 3.0 Spellcasting
 - Level 7.0 Conjurations
 - Level 5.0 Translocations
 + Level 6.9 Fire Magic


You had 3 spell levels left.
You knew the following spells:

 Your Spells              Type           Power      Damage    Failure   Level
a - Foxfire               Conj/Fire      100%       2x1d9     1%          1
b - Scorch                Fire           76%        2d9       1%          2
c - Flame Wave            Conj/Fire      38%        2d10      12%         4
d - Iskenderun's Mystic   Conj/Tloc      33%        2d8       17%         4

Your spell library contained the following spells:

 Spells                   Type           Power      Damage    Failure   Level
 Apportation              Tloc           56%        N/A       2%          1
 Conjure Flame            Conj/Fire      38%        6-21      3%          3
 Dazzling Flash           Conj/Hex       42%        N/A       14%         3
 Inner Flame              Hex/Fire       21%        N/A       16%         3
 Necrotise                Necr           12%        1d4       21%         1
 Summon Small Mammal      Summ           12%        N/A       21%         1
 Ensorcelled Hibernation  Hex/Ice        6%         N/A       30%         2
 Passwall                 Tmut/Erth      2%         N/A       30%         2
 Swiftness                Air            3%         N/A       52%         3
 Starburst                Conj/Fire      19%        6d7       88%         6
 Summon Forest            Summ/Tloc      8%         N/A       90%         5
 Agony                    Necr           3%         N/A       99%         5
 Silence                  Hex/Air        1%         N/A       99%         5
 Summon Mana Viper        Hex/Summ       3%         N/A       99%         5
 Summon Cactus Giant      Summ           1%         N/A       100%        6


Dungeon Overview and Level Annotations

Branches:
Dungeon (8/15)             Temple (1/1) D:6          Bailey (1/1)
   Lair: D:8-11

Shops:
D:3 (   D:7 ([:


Innate Abilities, Weirdness & Mutations

You have an increased reservoir of magic. (+10% MP)
You shall have no god before yourself.
Your divine heritage dramatically boosts your attributes as you level up.


Message History

The orc warrior hits you with a +0 war axe!
* * * LOW HITPOINT WARNING * * *
Unknown command.
You hit the orc warrior. You burn the orc warrior.
The orc warrior is lightly wounded.
The orc warrior closely misses you. x2
You hit the orc warrior. You burn the orc warrior.
The orc warrior is moderately wounded.
The orc warrior completely misses you.
You barely miss the orc warrior.
The orc warrior is moderately wounded.
The orc warrior hits you with a +0 war axe!
* * * LOW HITPOINT WARNING * * *
You feel better. You block the orc warrior's attack.
Aiming: Throw Flame
Press: ? - help, Shift-Dir - straight line, f - orc warrior
Aim: an orc warrior, wielding a +0 war axe and wearing a +0 scale mail (moderately wounded, 60% to hit)
The puff of flame misses the orc warrior.
The orc warrior barely misses you.
Aiming: Throw Flame
Press: ? - help, Shift-Dir - straight line, f/p - orc warrior
Aim: an orc warrior, wielding a +0 war axe and wearing a +0 scale mail (moderately wounded, 60% to hit)
The puff of flame hits the orc warrior.
The orc warrior is moderately wounded.
The orc warrior complains repeatedly.
The orc warrior hits you but does no damage.
Aiming: Throw Flame
Press: ? - help, Shift-Dir - straight line, f/p - orc warrior
Aim: an orc warrior, wielding a +0 war axe and wearing a +0 scale mail (moderately wounded, 60% to hit)
The puff of flame hits the orc warrior!
The orc warrior is heavily wounded.
The orc warrior hits you with a +0 war axe!
* * * LOW HITPOINT WARNING * * *
Casting: Foxfire (safe; 1% risk of failure)
Confirm with . or Enter, or press ? or * to list all spells.
Flames lash the orc warrior.
The orc warrior is severely wounded.
The orc warrior's fire resistance burns away.
The orc warrior hits you with a +0 war axe!
You die...

#############.
####.....).......
##.......))..####
##.........#)##
#.....⌠....#.)#
##.......###..#
###.....'.#.o###
####...o).###...^ ..
≈≈≈≈≈≈≈.@.†.#..####'####
#≈≈≈≈≈≈≈~≈≈†####.oog...#
###....~≈≈≈≈≈≈∩#KKogo..#∩
##......≈≈≈≈≈#########≈
##........≈≈≈≈≈≈≈≈≈≈≈≈
###....)...~≈≈≈≈≈≈≈.#
####.............#
####......∩..#
###....††.##


You could see an orc warrior (combustible).

Vanquished Creatures
  Grinder (D:5)
  4 yaks (D:8)
  A steam dragon (D:8)
  Menkaure (D:7)
  Edmund (D:4)
  A water moccasin (D:7)
  2 sky beasts (D:7)
  A black bear (D:4)
  4 orc warriors (Bailey)
  4 ogres
  A phantom (D:4)
  Blork the orc (D:4)
  A bullfrog (D:7)
  A necrophage (D:5)
  A water moccasin zombie (D:5)
  3 scorpions
  4 wights (D:5)
  2 howler monkeys
  A centaur zombie (D:5)
  A jelly (D:4)
  An orc priest (D:6)
  3 hounds
  A human zombie (D:5)
  Crazy Yiuf (D:5)
  2 gnoll boudas
  Terence (D:2)
  Jessica (D:2)
  An iguana (D:7)
  3 orc wizards
  2 scorpion zombies (D:5)
  2 mummies (D:5)
  20 gnolls
  5 adders
  A shadow imp (D:6)
  An ufetubus (D:6)
  2 worms
  9 dart slugs (D:4)
  15 orcs
  A bat (D:2)
  11 endoplasms
  3 giant cockroaches
  8 goblins
  11 hobgoblins
  10 jackals
  4 quokkas
  8 ball pythons
  2 frilled lizards
  13 kobolds
  A rat (D:1)
179 creatures vanquished.

Vanquished Creatures (others)
  302 foxfires
302 creatures vanquished.

Grand Total: 481 creatures vanquished

Notes
Turn   | Place    | Note
-------+----------+-------------------------------------------
     0 | D:1      | wingedge the Demigod Fire Elementalist began the quest for
                  | the Orb.
     0 | D:1      | Reached XP level 1. HP: 14/14 MP: 5/5
    23 | D:1      | Reached skill level 1 in Conjurations
   458 | D:1      | Reached XP level 2. HP: 20/20 MP: 5/7
   577 | D:1      | Learned a level 2 spell: Scorch
   808 | D:1      | Reached skill level 1 in Fighting
  1290 | D:2      | Noticed Jessica
  1294 | D:2      | Killed Jessica
  1295 | D:2      | Reached skill level 2 in Conjurations
  1295 | D:2      | Reached XP level 3. HP: 23/28 MP: 3/8
  1462 | D:2      | Noticed Terence
  1474 | D:2      | Killed Terence
  1475 | D:2      | Reached XP level 4. HP: 12/36 MP: 4/9
  1693 | D:2      | Learned a level 4 spell: Flame Wave
  1749 | D:2      | Reached skill level 1 in Armour
  1873 | D:3      | Found Paoste's Weapon Boutique.
  1925 | D:3      | Bought 3 javelins for 24 gold pieces
  2158 | D:3      | Reached skill level 3 in Conjurations
  3035 | D:4      | Reached XP level 5. HP: 33/41 MP: 5/10
  3278 | D:4      | Noticed Blork the orc
  3291 | D:4      | Killed Blork the orc
  3456 | D:4      | Noticed Edmund
  3459 | D:4      | Noticed a black bear
  3634 | D:4      | Killed a black bear
  3635 | D:4      | Reached skill level 4 in Conjurations
  3635 | D:4      | Reached XP level 6. HP: 47/48 MP: 0/11
  3721 | D:4      | Killed Edmund
  3722 | D:4      | Reached skill level 5 in Fire Magic
  4024 | D:4      | Reached skill level 5 in Conjurations
  4024 | D:4      | Reached XP level 7. HP: 55/55 MP: 3/13
  4426 | D:5      | Entered Level 5 of the Dungeon
  4489 | D:5      | Reached skill level 1 in Translocations
  4900 | D:5      | Reached skill level 6 in Conjurations
  5088 | D:5      | Reached XP level 8. HP: 51/63 MP: 3/14
  5225 | D:5      | Learned a level 4 spell: Iskenderun's Mystic Blast
  5476 | D:5      | Found a runed translucent door.
  5477 | D:5      | Noticed Crazy Yiuf
  5486 | D:5      | Killed Crazy Yiuf
  5748 | D:5      | Noticed Grinder
  5753 | D:5      | Killed Grinder
  6143 | D:6      | Found a staircase to the Ecumenical Temple.
  6153 | Temple   | Entered the Ecumenical Temple
  6572 | D:6      | Reached skill level 5 in Translocations
  7087 | D:7      | Noticed Menkaure
  7091 | D:7      | Killed Menkaure
  7092 | D:7      | Reached skill level 7 in Conjurations
  7092 | D:7      | Reached XP level 9. HP: 69/69 MP: 3/16
  7377 | D:7      | Found Ozirghek's Antique Armour Shoppe.
  7459 | D:7      | Bought a pair of embroidered gloves for 165 gold pieces
  7459 | D:7      | Bought a pair of boots for 99 gold pieces
  7524 | D:7      | Found Huohal's Book Shop.
  7764 | D:7      | Found Weg Wing's Weapon Boutique.
  8317 | D:8      | Reached skill level 5 in Fighting
  8351 | D:8      | Found a flagged portal.
  8356 | Bailey   | Entered a bailey
  8587 | Bailey   | Slain by an orc warrior

Illustrated notes

Levels and vault maps discovered:
D:1:      dpeg_arrival_rooms_b, layout_rooms, basic_ecumenical_altar
D:2:      layout_rooms, uniq_jessica, uniq_terence
D:3:      layout_loops_ring, led_sif_pool, serial_shops,
          nicolae_shop_window_shopping
D:4:      kennysheep_slugbush, layout_basic, serial_curves, eino_curves_02,
          eino_curves_03, uniq_blork_the_orc, uniq_edmund
D:5:      layout_basic, nemelex_diamond_rough_becter, cheibrodos_worm_habitat,
          doesnt_xom_only_xom, grunt_temple_overflow_open, lemuel_doored_altar,
          lemuel_mausoleum_altar_kikubaaqudgha, kennysheep_cluttered_room,
          minivault_23, uniq_grinder, uniq_crazy_yiuf_cottage
D:6:      layout_cave_pools, fiery_altar_vehumet, minmay_temple_entry_tees
D:7:      layout_loops_corners, lemuel_round_altar,
          nicolae_hepliaklqana_hippocampus, bloody_makhleb, serial_shops, shop,
          nicolae_shop_crystal, shop, nicolae_figureground_sparkle,
          uniq_menkaure
D:8:      layout_loops_corners, enter_bailey_3
Temple:   nicolae_temple_stand_before_the_council
Bailey:   bailey_axe_4, bailey

Skill      XL: |  1  2  3  4  5  6  7  8  9 |
---------------+----------------------------+-----
Conjurations   | 1 2 3 4 5 6 7 |  7.0
Spellcasting   | 2 3 |  3.0
Fire Magic     | 3 4 5 6 |  6.9
Dodging        | 2 3 |  3.0
Stealth        | 2 |  2.0
Fighting       | 1 2 3 5 |  5.0
Armour         | 1 2 4 |  4.0
Translocations | 1 5 |  5.0

Action                   |  1- 3 |  4- 6 |  7- 9 || total
-------------------------+-------+-------+-------++-------
Melee: Unarmed           |     1 |       |       ||     1
       Dagger            |     1 |       |       ||     1
       Spear             |     1 |       |       ||     1
       Rapier            |     1 |       |       ||     1
       Hand axe          |       |    42 |     2 ||    44
       Long sword        |       |       |    49 ||    49
Throw: Javelin           |       |     1 |       ||     1
 Cast: Foxfire           |    54 |    61 |    64 ||   179
       Scorch            |     8 |    30 |   101 ||   139
       Flame Wave        |       |       |     7 ||     7
Evoke: Wand              |       |       |     3 ||     3
  Use: Potion            |     3 |       |     6 ||     9
       Scroll            |       |       |    15 ||    15
 Stab: Sleeping          |       |     1 |       ||     1
Armor: Robe              |     1 |       |       ||     1
       Leather armour    |       |    13 |     4 ||    17
       Ring mail         |       |       |    30 ||    30
Dodge: Dodged            |     3 |    27 |    97 ||   127
Block: Other             |       |     7 |    19 ||    26
       Reflection        |       |       |     1 ||     1
